 Dungeon Crawl Stone Soup version 0.29-a0-923-g6e406bff71 (webtiles) character file.

Game seed: 13283003421832682932

163 Newt the Ruffian (level 5, -3/41 HPs)
             Began as a Draconian Transmuter on July 27, 2022.
             Was a Believer of Nemelex Xobeh.
             Killed by divine providence
             ... invoked by an orc priest
              (17 damage)
             ... on level 4 of the Dungeon.
             The game lasted 00:07:44 (3444 turns).

Newt the Ruffian (Draconian Transmuter)             Turns: 3444, Time: 00:07:45

Health: -3/41      AC:  5    Str: 15    XL:     5   Next: 20%
Magic:  5/8        EV: 12    Int: 13    God:    Nemelex Xobeh [**....]
Gold:   183        SH:  0    Dex: 11    Spells: 5/8 levels left

rFire   . . .      SeeInvis .     - Unarmed
rCold   . . .      Faith    .   (no shield)
rNeg    . . .      Spirit   .   (body armour unavailable)
rPois   +          Reflect  .   (helmet currently unavailable)
rElec   .          Harm     .   (no cloak)
rCorr   .          Rampage  .   (no gloves)
Will    .....                   (boots currently unavailable)
Stlth   +.........              n - amulet of the acrobat
HPRegen 0.13/turn               r - ring of poison resistance
MPRegen 0.11/turn               (no ring)

@: appendages, wereblooded
A: horns 2, talons 2, AC +5, unfitting armour, cold-blooded
a: End Transformation, Renounce Religion, Draw Escape, Draw Destruction, Draw
Summoning


You were on level 4 of the Dungeon.
You worshipped Nemelex Xobeh.
Nemelex Xobeh was pleased with you.
You had temporarily grown beastly horns and talons.
You visited 1 branch of the dungeon, and saw 4 of its levels.

You collected 183 gold pieces.

Inventory:

Jewellery
 n - an amulet of the acrobat (around neck)
 r - a ring of poison resistance (left hand)
Wands
 j - a wand of digging (6)
 s - a wand of iceblast (5)
Scrolls
 f - 2 scrolls of blinking {unknown}
 g - a scroll of summoning {unknown}
 h - a scroll of torment {unknown}
 k - a scroll of brand weapon {unknown}
 l - a scroll of butterflies {unknown}
 m - 2 scrolls of magic mapping {unknown}
 p - a scroll of fear {unknown}
 q - a scroll of identify
Potions
 a - a potion of lignification
 b - 3 potions of berserk rage
 c - 2 potions of might
 d - 2 potions of curing
 e - a potion of mutation {unknown}
 i - a potion of ambrosia {unknown}
 o - a potion of brilliance {unknown}


   Skills:
 + Level 1.8 Fighting
 + Level 2.7 Dodging
 + Level 4.7 Unarmed Combat
 + Level 2.3 Spellcasting
 + Level 2.6 Transmutations


You had 5 spell levels left.
You knew the following spells:

 Your Spells              Type           Power      Damage    Failure   Level
a - Beastly Appendage     Tmut           16%        N/A       9%          1
b - Wereblood             Tmut           8%         N/A       13%         2

Your spell library contained the following spells:

 Spells                   Type           Power      Damage    Failure   Level
 Summon Small Mammal      Summ           4%         N/A       26%         1
 Spider Form              Tmut/Pois      4%         N/A       41%         3
 Call Canine Familiar     Summ           1%         N/A       58%         3
 Summon Guardian Golem    Hex/Summ       1%         N/A       58%         3
 Ice Form                 Ice/Tmut       4%         N/A       82%         4


Dungeon Overview and Level Annotations

Branches:
Dungeon (4/15)
 Temple: D:4-7

Altars:
Nemelex Xobeh


Innate Abilities, Weirdness & Mutations

You have temporarily grown beastly horns and talons.
Your plain brown scales are hard. (AC +5)
You cannot fit into any form of body armour.
You are cold-blooded and may be slowed by cold attacks.


Message History

Nothing appears to happen.
The orc hits you with a +0 dagger.
Casting: Beastly Appendage (safe; 9% risk of failure)
Press: ? - help, Q - select action, (/) - cycle Dir - look around, f - activate You grow a pair of large bovine horns.
Your feet morph into talons.
The orc closely misses you.
You hit the orc. You tail-slap the orc.
The orc is almost dead.
You barely miss the orc. Your kick misses the orc. Your punch misses the orc.
You hit the orc. You claw the orc, but do no damage. You headbutt the orc.
You feel a bit better.
You kill the orc!
The orc closely misses you.
Things that are here:
a +0 dagger; a +0 leather armour You barely miss the orc.
The orc is almost dead.
The orc priest hits you with a +0 hand axe.
The orc hits you but does no damage.
You hit the orc priest but do no damage.
You claw the orc priest, but do no damage.
Your headbutt misses the orc priest.
The orc priest miscasts a cantrip.
The orc priest closely misses you. The orc barely misses you.
Your magical contamination has completely faded away.
You hit the orc priest. You claw the orc priest.
You tail-slap the orc priest, but do no damage.
The orc priest is lightly wounded.
The orc priest invokes the aid of Beogh against you.
Beogh smites you!
* * * LOW HITPOINT WARNING * * *
The orc priest hits you but does no damage.
The orc closely misses you.
You barely miss the orc. You claw the orc.
You feel a bit better.
You kill the orc!
You howl as the wereblood boils in your veins!
The orc priest calls down the wrath of Beogh upon you.
Beogh smites you!
You die...
Your body glows slightly and disappears.

#..# #.# #o.o ...
.o.# #.# # #..#
#.##########
###.##.?#
#.#.........
#.......#
#.#.########
######.####.#.#####
........oo)........#
.######.##@#.#.###.#
#.##.#.#.###.# ###.
#.##.#.#.#.#.###.....
#.##.#.#.............
#.##.#.###.#.###.##..
#.##.#....[#.###.##..
.. ..................
..#####.#.###.#...
...........##.#...


You could see 2 orc priests.

Vanquished Creatures
  2 hounds (D:4)
  3 adders
  2 worms (D:2)
  3 orcs
  5 ball pythons
  7 endoplasms
  2 giant cockroaches
  5 goblins
  6 hobgoblins
  9 jackals
  4 kobolds
  3 quokkas
  5 bats
  5 frilled lizards
  4 rats
65 creatures vanquished.

Vanquished Creatures (others)
  A plant (D:2)
1 creature vanquished.

Grand Total: 66 creatures vanquished

Notes
Turn   | Place    | Note
-------+----------+-------------------------------------------
     0 | D:1      | Newt the Draconian Transmuter began the quest for the Orb.
     0 | D:1      | Reached XP level 1. HP: 16/16 MP: 3/3
   278 | D:1      | Found a faded altar of an unknown god.
   333 | D:1      | Prayed at the altar of an unknown god.
   333 | D:1      | Became a worshipper of Nemelex Xobeh the Trickster
   333 | D:1      | Reached * piety under Nemelex Xobeh
   333 | D:1      | Received a gift from Nemelex Xobeh
   385 | D:1      | Reached XP level 2. HP: 21/23 MP: 5/5
  1245 | D:2      | Reached XP level 3. HP: 28/28 MP: 6/6
  1322 | D:2      | Learned a level 2 spell: Wereblood
  1519 | D:2      | Reached skill level 4 in Unarmed Combat
  2220 | D:3      | Reached ** piety under Nemelex Xobeh
  2536 | D:3      | Reached XP level 4. HP: 36/36 MP: 7/7
  3362 | D:4      | Reached XP level 5. HP: 41/41 MP: 6/8
  3444 | D:4      | Killed from afar by an orc priest

Illustrated notes

Levels and vault maps discovered:
D:1:      ebering_trefoil_twist, layout_loops_corners,
          hellmonk_ecumenical_altar_leap_of_faith
D:2:      layout_loops_ring, serial_bayou_pond_c
D:3:      layout_loops_ring
D:4:      layout_basic

Skill      XL: |  1  2  3 |
---------------+----------+-----
Dodging        | 2 |  2.7
Unarmed Combat | 4 |  4.7
Fighting       | |  1.8
Spellcasting   | |  2.3
Transmutations | |  2.6

Action                   |  1- 3 |  4- 6 || total
-------------------------+-------+-------++-------
Melee: Unarmed           |   181 |    55 ||   236
       Tailslap          |    21 |    12 ||    33
       Punch             |     2 |       ||     2
       Headbutt          |     4 |     5 ||     9
       Kick              |     2 |    11 ||    13
 Cast: Beastly Appendage |     4 |     6 ||    10
       Wereblood         |     2 |     2 ||     4
  Use: Scroll            |       |     3 ||     3
 Stab: Sleeping          |     1 |     2 ||     3
Armor: Skin              |    67 |    18 ||    85
Dodge: Dodged            |   129 |    39 ||   168

Table legend: (Time is in decaauts)
 A = Elapsed time spent in this place.
 B = Non-inter-level travel time spent in this place.
 C = Inter-level travel time spent in this place.
 D = Time resting spent in this place.
 E = Time spent auto-exploring this place.
 F = Levels seen in this place.
 G = Mean time per level.
                   A        B        C        D        E       F      G
               +--------+--------+--------+--------+--------+-----+--------+
         Total |   3432 |   3336 |     96 |      0 |   2835 |   4 |  858.0 |
       Dungeon |   3432 |   3336 |     96 |      0 |   2835 |   4 |  858.0 |
               +--------+--------+--------+--------+--------+-----+--------+

Top non-repeatable levels by time:
     D:2: 1206 daAuts
     D:1: 975 daAuts
     D:3: 707 daAuts
     D:4: 544 daAuts
